Map: Infestation

Players

Grumm

  • Race: Protoss Protoss
  • League: Gold
  • Spawn Location: 9:00

Sunbuffett

  • Race: Zerg Zerg
  • League: Platinum
  • Spawn Location: 9:00

Paint

  • Race: Terran Terran
  • League: Gold
  • Spawn Location: 3:00

AlmightyPUSH

  • Race: Zerg Zerg
  • League: Silver
  • Spawn Location: 3:00

VOD

Have the link to the VOD?

Description

Time

  • Played on: Jan. 22, 2016, 4:45 p.m.
  • Length: 13:06
Show
View Real Time Build Order
Export as new Build Order

Grumm Protoss 

Build Orders: Oracle Opening 

Get SALT Encoding   

  12  0:01  Probe (Chrono Boost)  
  13  0:11  Probe (Chrono Boost)  
  14  0:23  Pylon  
  14  0:24  Probe (Chrono Boost)  
  15  0:30  Assimilator  
  15  0:42  Gateway  
  15  0:45  Probe (Chrono Boost)  
  16  0:55  Probe (Chrono Boost)  
  17  1:06  Probe (Chrono Boost)  
  17  1:10  Assimilator  
  18  1:16  Probe (Chrono Boost)  
  19  1:29  Cybernetics Core  
  19  1:32  Probe (Chrono Boost)  
  20  1:34  Zealot  
  22  1:41  Pylon  
  22  2:03  Zealot  
  22  2:06  Stargate  
  24  2:13  Probe (Chrono Boost)  
  25  2:18  Gateway  
  25  2:21  Pylon  
  25  2:40  Pylon  
  25  2:47  Nexus  
  25  3:11  Pylon  
  25  3:13  Oracle  
  25  3:16  Stalker  
  30  3:31  Gateway  
  30  3:35  Pylon  
  31  3:41  Probe (Chrono Boost)  
  31  3:50  Forge  
  29  4:17  Warp Gate (Chrono Boost)  
  29  4:18  Void Ray  
  29  4:22  Zealot x2  
  35  4:26  Photon Cannon  
  35  4:36  Stalker, Probe  
  35  4:37  Probe  
  36  5:06  Photon Cannon  
  36  5:08  Stalker  
  38  5:24  Protoss Ground Weapons Level 1 (Chrono Boost)  
  38  5:25  Probe  
  38  5:26  Probe  
  40  5:36  Robotics Facility  
  40  5:37  Probe  
  40  5:39  Probe  
  40  5:41  Assimilator  
  40  5:42  Assimilator  
  42  6:00  Probe  
  42  6:01  Probe  
  44  6:04  Photon Cannon  
  44  6:07  Zealot  
  44  6:09  Stalker  
  48  6:11  Adept  
  48  6:15  Probe  
  48  6:16  Probe  
  52  6:25  Observer, Probe  
  53  6:28  Probe  
  55  6:34  Void Ray  
  59  6:46  Probe  
  59  6:47  Pylon  
  59  6:48  Probe  
  61  6:58  Immortal  
  65  7:01  Probe  
  65  7:02  Probe  
  67  7:11  Stalker  
  67  7:13  Zealot  
  70  7:47  Probe, Stalker x3  
  70  7:48  Probe  
  70  7:50  Immortal  
  46  8:34  Stalker  
  46  8:35  Stalker x2  
  46  8:36  Immortal  
  46  8:38  Phoenix  
  58  8:42  Probe, Photon Cannon  
  58  8:43  Probe  
  60  8:53  Gateway  
  60  8:54  Gateway  
  60  8:55  Pylon  
  60  8:58  Photon Cannon  
  60  9:02  Stalker x3  
  44  9:28  Zealot x3  
  51  9:32  Probe  
  51  9:33  Probe  
  51  9:35  Void Ray  
  34  9:53  Zealot  
  34  9:54  Zealot x3  
  34  10:15  Stalker x2  
  38  10:28  Void Ray  
  38  10:33  Pylon  
  42  11:03  Nexus  
  42  11:12  Sentry  
  42  11:18  Sentry  
  28  12:17  Probe  
  28  12:19  Probe  
  24  12:36  Probe  
  24  12:38  Probe  
  24  12:43  Zealot x2  
  34  12:48  Pylon  
Show
View Real Time Build Order
Export as new Build Order

Sunbuffett Zerg 

Build Orders: Pool First, Lurkers 

Get SALT Encoding   

  12  0:01  Drone  
  13  0:08  Drone  
  13  0:13  Extractor  
  13  0:17  Drone  
  14  0:34  Spawning Pool  
  13  0:36  Drone  
  14  0:47  Overlord  
  14  1:06  Drone x3  
  17  1:19  Drone  
  17  1:21  Metabolic Boost  
  18  1:29  Queen  
  20  1:41  Zergling x2  
  20  1:42  Zergling x2  
  22  1:52  Overlord  
  22  2:10  Zergling x2  
  23  2:18  Zergling x2  
  25  2:22  Zergling x2  
  25  2:25  Hatchery  
  24  2:33  Zergling x2  
  25  2:45  Zergling x6  
  28  3:09  Drone x2  
  30  3:14  Overlord x2, Extractor  
  29  3:26  Drone  
  30  3:31  Lair  
  30  3:36  Drone x2  
  30  3:40  Drone x2  
  34  3:53  Drone x4  
  30  4:10  Roach Warren  
  30  4:11  Queen  
  30  4:13  Drone  
  32  4:21  Spine Crawler  
  31  4:25  Overlord  
  31  4:33  Drone x3, Hydralisk Den  
  33  4:39  Spore Crawler  
  33  4:42  Drone  
  33  4:50  Glial Reconstitution  
  33  4:54  Extractor  
  33  4:55  Burrow  
  33  4:59  Drone  
  33  5:08  Drone x4  
  33  5:14  Drone x2  
  38  5:16  Drone  
  40  5:26  Muscular Augments  
  40  5:27  Drone  
  41  5:31  Drone  
  41  5:32  Drone  
  41  5:33  Overseer  
  42  5:36  Drone  
  42  5:40  Drone x2  
  46  5:42  Drone  
  46  5:46  Drone  
  46  5:47  Drone  
  46  5:49  Extractor  
  47  5:56  Drone x2  
  49  6:05  Evolution Chamber  
  49  6:07  Evolution Chamber  
  49  6:09  Tunneling Claws  
  47  6:25  Drone  
  47  6:26  Drone  
  47  6:32  Drone, Spore Crawler  
  49  6:35  Hatchery  
  49  6:39  Lurker Den  
  48  6:48  Zerg Missile Weapons Level 1  
  48  6:49  Zerg Ground Armor Level 1, Overlord x2  
  48  6:51  Pneumatized Carapace  
  48  7:01  Spine Crawler  
  48  7:06  Hydralisk x4  
  48  7:08  Overlord  
  55  7:11  Drone x2  
  57  7:42  Spore Crawler  
  57  7:43  Spore Crawler  
  55  7:44  Drone x2  
  55  7:47  Spore Crawler  
  55  7:48  Spore Crawler  
  55  7:49  Spore Crawler  
  54  7:53  Hydralisk x3  
  54  7:54  Queen  
  54  7:55  Drone x4  
  54  7:56  Drone x2  
  68  8:11  Drone x2  
  68  8:12  Spore Crawler x2, Hydralisk  
  68  8:13  Hydralisk  
  68  8:17  Drone x2  
  68  8:19  Extractor  
  73  8:22  Extractor  
  72  8:45  Queen  
  72  8:46  Overlord  
  72  8:47  Zerg Ground Armor Level 2, Zerg Missile Weapons Level 2  
  72  8:48  Hydralisk x4  
  82  9:11  Overlord x3  
  74  9:38  Hydralisk x2  
  74  9:39  Hydralisk x3  
  74  9:45  Lurker x4  
  86  9:46  Lurker x4  
  90  9:56  Hydralisk x2  
  90  9:58  Overlord  
  90  9:59  Overlord  
  94  10:03  Drone x5  
  94  10:04  Drone x3  
  94  10:05  Drone  
  94  10:06  Drone x2, Infestation Pit  
  104  10:12  Overseer x2  
  104  10:14  Hydralisk  
  82  10:32  Hydralisk, Lurker  
  82  10:33  Hydralisk x3  
  91  10:41  Drone x2  
  71  11:08  Lurker x5  
  71  11:09  Hydralisk x6  
  71  11:10  Overlord  
  83  11:18  Hydralisk  
  83  11:19  Hydralisk x3  
  83  11:24  Hive  
  83  11:38  Overseer x2  
  77  12:20  Hatchery  
  76  12:42  Hydralisk x3  
Show
View Real Time Build Order
Export as new Build Order

Paint Terran 

Build Orders: Reaper Expand 

Get SALT Encoding   

  12  0:03  SCV  
  13  0:15  SCV  
  14  0:24  Supply Depot  
  14  0:28  SCV  
  14  0:35  Refinery  
  15  0:47  Barracks  
  15  0:49  SCV  
  16  1:01  SCV  
  17  1:06  Barracks  
  17  1:13  SCV  
  18  1:37  SCV  
  19  1:48  Command Center  
  19  1:52  Reaper  
  20  2:02  Supply Depot  
  20  2:03  SCV  
  21  2:08  Reaper  
  21  2:15  SCV  
  23  2:21  Refinery  
  23  2:25  Reaper  
  24  2:34  SCV  
  25  2:39  Factory  
  25  3:08  Reaper x2  
  27  3:16  Orbital Command  
  27  3:20  Orbital Command  
  27  3:25  Engineering Bay, Factory Tech Lab  
  27  3:44  SCV  
  28  3:56  SCV  
  29  4:05  Refinery, SCV  
  29  4:06  Reaper  
  29  4:07  Reaper  
  29  4:08  SCV  
  33  4:13  Missile Turret  
  32  4:17  SCV  
  33  4:25  Refinery  
  33  4:26  SCV  
  33  4:28  Siege Tank  
  33  4:29  SCV  
  38  4:36  Starport  
  38  4:39  Barracks Tech Lab  
  38  4:48  Barracks Reactor  
  38  4:49  Missile Turret  
  38  4:50  Missile Turret  
  38  4:56  Missile Turret  
  38  4:57  Marine  
  39  5:00  Terran Infantry Weapons Level 1  
  39  5:13  Siege Tank  
  42  5:15  Marine  
  43  5:22  SCV  
  43  5:23  SCV  
  45  5:32  Marine  
  46  5:44  Supply Depot x2  
  46  5:48  Liberator  
  46  6:05  SCV x2  
  46  6:07  Marine x2  
  46  6:08  Combat Shields, Marauder  
  55  6:13  Siege Tank  
  55  6:18  SCV x2  
  60  6:20  Factory  
  60  6:23  Starport  
  60  6:30  SCV x2  
  60  6:31  Supply Depot  
  62  6:36  Armory  
  62  6:42  Engineering Bay  
  62  6:46  Supply Depot  
  62  6:52  Marine x2  
  62  6:53  SCV x2, Siege Tank  
  69  6:57  Supply Depot  
  69  6:58  Terran Infantry Armor Level 1  
  69  6:59  Supply Depot  
  69  7:05  SCV  
  69  7:06  Liberator  
  69  7:08  Liberator, SCV  
  71  7:17  Marine x2  
  78  7:34  Marine  
  79  7:48  Marauder, Widow Mine, Marine  
  84  7:52  Marine  
  84  7:53  Factory Tech Lab  
  84  7:55  Supply Depot, Terran Infantry Weapons Level 2  
  84  7:57  Supply Depot  
  85  8:02  Supply Depot  
  85  8:05  Marine  
  85  8:10  Marauder, Marine  
  89  8:17  Widow Mine  
  94  8:20  Siege Tank  
  94  8:23  Liberator x2  
  94  8:31  Marauder  
  102  8:41  SCV  
  102  8:42  SCV  
  102  8:45  Widow Mine  
  102  8:47  Command Center  
  106  8:52  Marauder  
  106  8:54  SCV  
  109  8:58  Siege Tank  
  109  8:59  Marine  
  109  9:00  Marine  
  114  9:05  Supply Depot  
  114  9:14  Marauder, Siege Tank  
  112  9:17  Marine x2  
  107  9:35  Marauder, Marine x2  
  109  9:40  SCV x2  
  109  9:52  Marine  
  109  9:53  Marine  
  109  9:57  Marauder  
  113  10:04  SCV x2  
  115  10:10  Marine  
  115  10:11  Marine  
  116  10:16  SCV x2  
  116  10:18  Marauder  
  96  10:28  Marine  
  88  10:29  Marine  
  87  10:39  Marauder  
  89  10:46  Liberator x2, Marine  
  89  10:47  Marine  
  85  11:01  Marauder, Widow Mine  
  85  11:02  Siege Tank  
  85  11:04  Marine x2  
  97  11:21  Marine  
  97  11:22  Marauder, Marine  
  100  11:29  Liberator  
  100  11:30  Widow Mine  
  102  11:33  Widow Mine  
  102  11:39  Marine  
  105  11:40  Marine  
  105  11:43  Marauder  
  105  11:52  Liberator  
  87  11:57  Marine  
  87  11:58  Widow Mine, Marine  
  91  12:02  Widow Mine  
  91  12:05  Marauder  
  95  12:10  SCV x2  
  95  12:15  Orbital Command, Marine  
  101  12:16  Marine  
  101  12:18  Refinery x2  
  101  12:20  Barracks  
  101  12:21  Barracks  
  101  12:22  SCV x2  
  104  12:26  Marine  
  104  12:27  Widow Mine  
  110  12:33  Marine  
  115  12:44  Marauder  
  119  13:04  Command Center  
Show
View Real Time Build Order
Export as new Build Order

AlmightyPUSH Zerg 

Build Orders: Hatch First 

Get SALT Encoding   

  12  0:01  Drone  
  13  0:08  Drone  
  14  0:17  Overlord  
  15  0:35  Drone  
  15  0:36  Drone x2  
  17  1:01  Hatchery  
  16  1:08  Spawning Pool  
  16  1:11  Extractor  
  14  1:12  Drone  
  14  1:18  Drone  
  16  1:20  Drone  
  17  1:41  Overlord  
  17  1:57  Queen  
  19  2:11  Drone x2  
  19  2:13  Overlord, Baneling Nest  
  20  2:16  Queen  
  20  2:18  Drone  
  23  2:29  Extractor  
  22  2:32  Metabolic Boost  
  22  2:45  Zergling x2  
  22  2:46  Zergling x4  
  22  2:48  Drone x2  
  22  2:49  Drone  
  28  3:05  Baneling  
  28  3:06  Baneling x2  
  28  3:11  Drone x4  
  32  3:26  Drone x3  
  35  3:31  Zergling x4  
  37  3:36  Overlord  
  37  3:42  Zergling x6  
  37  3:45  Baneling x3  
  40  3:56  Baneling  
  40  3:57  Baneling x3  
  33  4:12  Spore Crawler  
  33  4:13  Spore Crawler  
  31  4:17  Drone x3  
  31  4:18  Drone x3  
  31  4:23  Baneling x2  
  36  4:28  Spore Crawler  
  35  4:45  Drone x2  
  35  4:50  Drone  
  35  4:51  Drone x4  
  39  4:56  Drone x3  
  42  5:00  Overlord  
  42  5:22  Hatchery  
  42  5:24  Lair  
  41  5:29  Drone x4, Extractor x2  
  41  5:31  Drone  
  44  5:48  Drone x3, Spore Crawler  
  44  5:49  Drone x3  
  49  6:04  Overlord x3  
  49  6:11  Zergling x10  
  52  6:16  Drone x2  
  56  6:25  Evolution Chamber  
  56  6:27  Evolution Chamber  
  54  6:38  Drone, Queen  
  57  6:40  Spire  
  56  6:50  Roach Warren  
  56  6:52  Zerg Melee Weapons Level 1  
  56  6:53  Zerg Ground Armor Level 1  
  55  7:02  Zergling x12  
  55  7:04  Drone  
  55  7:06  Drone  
  63  7:25  Overseer x2  
  63  7:29  Baneling x4  
  63  7:31  Drone  
  63  7:32  Drone x2  
  63  7:34  Extractor  
  63  7:35  Extractor  
  64  7:46  Drone  
  65  7:52  Mutalisk x3  
  65  7:55  Mutalisk x2  
  65  7:56  Mutalisk x4  
  83  8:01  Drone  
  83  8:02  Drone x2  
  83  8:04  Drone  
  76  8:51  Hatchery  
  75  9:06  Spire  
  75  9:09  Roach x3  
  84  9:10  Roach x4  
  87  9:29  Zergling x2, Roach x2  
  87  9:30  Zergling x4  
  87  9:31  Overlord x4  
  89  9:35  Overlord x2  
  76  9:40  Roach x5  
  76  9:41  Roach x4  
  90  10:07  Glial Reconstitution  
  90  10:10  Zerg Ground Armor Level 2, Zerg Missile Weapons Level 1  
  90  10:13  Roach x4  
  90  10:14  Roach x2  
  81  10:36  Mutalisk x2  
  81  10:39  Mutalisk x4  
  81  10:40  Mutalisk x2  
  97  10:43  Drone x2  
  99  11:13  Queen  
  99  11:14  Drone x3  
  99  11:16  Mutalisk x2  
  99  11:17  Mutalisk x4  
  116  11:24  Roach x2  
  112  12:00  Mutalisk x4  
  112  12:01  Mutalisk x2  
  116  12:05  Drone x3, Extractor  
  116  12:06  Extractor  
  107  12:33  Overseer  
  107  12:34  Overseer x2  
  102  12:37  Roach x3  
  102  12:38  Roach x4  
Tags
 
Add a new tag
Caveats
  • Supply blocks, unpowered buildings, or Contaminate may cause inaccurate times.
  • Supply counts are checked every 10 seconds.